AoeStats
← Xanmax

Arabia

506791001Analyzed
1v1 RM · 17d ago on Sep 15, 2026· 41m 16s· 2 players
Game mode
Random Map
Map size
Tiny (2 player)
Population
200
Speed
Normal
Resources
Standard
Victory
Conquest
Starting age
Dark Age
Ending age
Imperial Age
RankedLock teamsTeams togetherTeam positionsShared explorationLock speedFull tech treeHidden civsTurbo modeCheats
Victory
Defeat
🇲🇽 Cumans · Mexico
1355
+18
🇲🇽 Goths · Mexico
1389
-18
Xanmax
0:34 Loom
8:54 Feudal Age
17:02 Castle Age
15:26 Stone Mining
18:56 Town Watch
24:11 Imperial Age
25:58 Forging
28:11 Scale Mail Armor
27:54 Crossbowman
29:20 Fletching
30:19 Bodkin Arrow
32:04 Gold Mining
34:33 Conscription
36:09 Bracer
37:07 Ballistics
Mariotellop
10:07 Feudal Age
10:26 Loom
15:06 Castle Age
14:58 Wheelbarrow
14:08 Horse Collar
14:16 Double-Bit Axe
16:01 Bow Saw
16:48 Wheelbarrow
20:04 Town Watch
21:27 Gold Mining
22:07 Forging
22:40 Bloodlines
24:47 Iron Casting
28:42 Scale Barding Armor
31:30 Chain Barding Armor
31:40 Hand Cart
34:50 Imperial Age
34:04 Capped Ram
36:27 Plate Barding Armor
36:52 Blast Furnace
36:57 Heavy Plow
38:09 Blast Furnace
40:52 Gold Shaft Mining
40:07 Stone Mining
40:33 Town Patrol
42:05 Two-Man Saw
41:37 Crop Rotation
Connection lost

Rejoining the realm…

Still unreachable

The connection could not be restored.

Session expired

The server has moved on; the page needs a fresh start.